 Dungeon Crawl Stone Soup version 0.28-a0-474-g535839065c (webtiles) character file.

Game seed: 18168122700874381360

11521 Squid the Basher (level 11, -3/95 HPs)
             Began as a Minotaur Berserker on Sept 15, 2021.
             Was an Elder of Trog.
             Slain by a fire dragon (4 damage)
             ... on level 10 of the Dungeon.
             The game lasted 00:32:31 (9854 turns).

Squid the Basher (Minotaur Berserker)               Turns: 9854, Time: 00:32:34

Health: -3/95      AC: 16    Str: 24    XL:     11   Next: 50%
Magic:  0/10       EV: 10    Int:  4    God:    Trog [****..]
Gold:   597        SH:  0    Dex: 19    Spells: 10/10 levels left

rFire   . . .      SeeInvis +   j - +8 eveningstar (freeze)
rCold   . . .      Faith    .   i - +0 tower shield
rNeg    . . .      Spirit   +   e - +3 chain mail
rPois   .          Reflect  .   (helmet restricted)
rElec   .          Harm     .   (no cloak)
rCorr   .          Rampage  .   o - +0 pair of gloves
Will    ++...                   (no boots)
Stlth   ..........              r - amulet of guardian spirit
HPRegen 1.25/turn               k - ring of see invisible
MPRegen 0.12/turn               m - +6 ring of dexterity

@: confused, ambrosia-drunk, strong-willed, on berserk cooldown, regenerating,
slowed, unable to read, very slow
A: horns 2, retaliatory headbutt, agile 1, inability to read while threatened,
sturdy frame 1
a: Renounce Religion, Berserk, Trog's Hand, Brothers in Arms


You were on level 10 of the Dungeon.
You worshipped Trog.
Trog was greatly pleased with you.
You visited 1 branch of the dungeon, and saw 10 of its levels.

You collected 597 gold pieces.

Inventory:

Hand Weapons
 j - a +8 eveningstar of freezing (weapon)
Missiles
 h - 16 boomerangs
Armour
 e - a +3 chain mail (worn)
 i - a +0 tower shield (worn)
 o - a +0 pair of gloves (worn)
Jewellery
 k - a ring of see invisible (left hand)
 m - a +6 ring of dexterity (right hand)
 r - an amulet of guardian spirit (around neck)
Wands
 b - a wand of mindburst (14) (quivered)
Scrolls
 c - 2 scrolls of identify
 l - 4 scrolls of magic mapping
Potions
 d - 6 potions of curing
 g - 5 potions of flight
 t - a potion of mutation


   Skills:
 + Level 8.3 Fighting
 + Level 12.3 Maces & Flails
 + Level 9.9 Armour
 + Level 6.4 Dodging
 - Level 0.1 Stealth
 + Level 11.9 Shields


You had 10 spell levels left.
You didn't know any spells.
Your spell library was empty.

Dungeon Overview and Level Annotations

Branches:
Dungeon (10/15)            Temple (0/1) D:5            Lair (0/6) D:8
    Orc: D:9-12

Altars:
Ashenzari
Dithmenos
Makhleb
Nemelex Xobeh
Qazlal
Yredelemnul
Zin

Shops:
D:5 *   D:9 (


Innate Abilities, Weirdness & Mutations

You have a pair of horns on your head.
You reflexively headbutt those who attack you in melee.
You are agile. (Dex +2)
You sometimes lose the ability to read scrolls when taking damage.
Your movements are slightly less encumbered by armour. (ER -2)


Message History

The fire dragon breathes flames at you. The blast of flame hits you!!
* * * LOW HITPOINT WARNING * * *
The fire dragon misses you. You furiously retaliate!
You headbutt the fire dragon, but do no damage.
The fire dragon claws you but does no damage.
The fire dragon tramples you!
* * * LOW HITPOINT WARNING * * *
You stumble backwards!
You feel much better. You block the fire dragon's attack. x2
The fire dragon closely misses you.
You puncture the fire dragon! You freeze the fire dragon!
You headbutt the fire dragon, but do no damage.
The fire dragon is moderately wounded.
The fire dragon bites you but does no damage.
The fire dragon claws you.
* * * LOW HITPOINT WARNING * * *
The fire dragon closely misses you. You block the fire dragon's attack.
The fire dragon claws you!
* * * LOW HITPOINT WARNING * * *
The fire dragon tramples you but does no damage.
You bludgeon the fire dragon!! You freeze the fire dragon.
The fire dragon is heavily wounded.
The fire dragon breathes flames at you. The blast of flame misses you.
You hit the fire dragon. You freeze the fire dragon.
You headbutt the fire dragon, but do no damage.
The fire dragon is severely wounded.
The fire dragon bites you!
* * * LOW HITPOINT WARNING * * *
You block the fire dragon's attack.
The fire dragon tramples you but does no damage.
You block the fire dragon's attack. x2; The fire dragon misses you.
You are confused.
You feel invigorated. The fire dragon breathes flames at you.
The blast of flame hits you!!
* * * LOW HITPOINT WARNING * * *
The fire dragon bites you.
You die...

#####. #......
############)..#...
.......@DcDoD§.≈≈≈≈
###########o).§≈≈≈≈
#.#§§≈..#
###o.§≈..#?
#....≈≈..#
#....≈Y≈...
..>....#§§≈§#
####......§§≈≈
#.....§#≈≈≈


You could see a fire dragon (catching breath), a steam dragon, an orc warrior,
an acid dragon, a centaur and an orc.

Vanquished Creatures
  A boulder beetle (D:6)
  Erica (D:8)
  4 two-headed ogres
  A tengu warrior (D:9)
  A troll (D:10)
  A hornet (D:9)
  A shadow (D:10)
  2 yaks (D:9)
  2 wyverns
  A human (D:4)
  A basilisk (D:9)
  A steam dragon (D:10)
  Edmund (D:5)
  A water moccasin (D:7)
  4 sky beasts
  An ice beast (D:7)
  6 orc warriors
  7 centaurs
  7 kobold brigands
  Blork the orc (D:6)
  A gnoll sergeant (D:9)
  A bullfrog (D:9)
  A scorpion (D:7)
  A water moccasin skeleton (D:7)
  3 killer bees (D:8)
  A wight (D:9)
  4 howler monkeys
  4 centaur zombies
  A bullfrog zombie (D:5)
  4 hounds (D:6)
  4 orc priests
  2 bullfrog skeletons (D:6)
  A gnoll shaman (D:7)
  2 centaur skeletons
  3 iguanas
  Terence (D:2)
  2 orc wizards
  A killer bee zombie (D:9)
  14 gnolls
  4 adders
  3 white imps
  An adder skeleton (D:4)
  3 worms (D:3)
  21 orcs
  10 endoplasms
  2 giant cockroaches
  8 goblins
  10 hobgoblins
  6 jackals
  27 kobolds
  6 quokkas
  4 ball pythons
  11 bats
  A frilled lizard (D:1)
  A jackal skeleton (D:4)
  4 rats (D:1)
218 creatures vanquished.

Vanquished Creatures (collateral kills)
  2 two-headed ogres (D:9)
  A steam dragon (D:9)
  2 centaurs (D:9)
5 creatures vanquished.

Vanquished Creatures (others)
  A kobold brigand (D:10)
  A killer bee (D:9)
  An orc (D:6)
  4 kobolds (D:10)
  4 plants (D:10)
11 creatures vanquished.

Grand Total: 234 creatures vanquished

Notes
Turn   | Place    | Note
-------+----------+-------------------------------------------
     0 | D:1      | Squid the Minotaur Berserker began the quest for the Orb.
     0 | D:1      | Reached XP level 1. HP: 19/19 MP: 0/0
   170 | D:1      | Found a faded altar of an unknown god.
   318 | D:1      | Reached XP level 2. HP: 25/27 MP: 1/1
   362 | D:1      | Reached skill level 4 in Maces & Flails
   506 | D:1      | Reached XP level 3. HP: 26/33 MP: 2/2
   507 | D:1      | Reached ** piety under Trog
  1265 | D:2      | Found a shadowy altar of Dithmenos.
  1279 | D:2      | Reached XP level 4. HP: 40/40 MP: 3/3
  1287 | D:2      | Reached skill level 1 in Shields
  1383 | D:2      | Noticed Terence
  1393 | D:2      | Killed Terence
  2136 | D:3      | Reached XP level 5. HP: 42/47 MP: 4/4
  3150 | D:3      | Found a burning altar of Makhleb.
  3334 | D:4      | Found a runed translucent door.
  3334 | D:4      | Noticed a human
  3350 | D:4      | Found a basalt altar of Yredelemnul.
  3427 | D:4      | Reached skill level 5 in Maces & Flails
  3440 | D:4      | Found a sparkling altar of Nemelex Xobeh.
  3722 | D:4      | Reached XP level 6. HP: 41/53 MP: 5/5
  3928 | D:4      | Killed a human
  4660 | D:5      | Entered Level 5 of the Dungeon
  4660 | D:5      | Found Elyps's General Store.
  4664 | D:5      | Found a staircase to the Ecumenical Temple.
  4724 | D:5      | Noticed Edmund
  4732 | D:5      | Killed Edmund
  4733 | D:5      | Reached skill level 5 in Fighting
  4733 | D:5      | Reached skill level 6 in Maces & Flails
  4733 | D:5      | Reached skill level 5 in Armour
  4733 | D:5      | Reached XP level 7. HP: 61/61 MP: 6/6
  5590 | D:6      | Noticed Blork the orc
  5625 | D:6      | Killed Blork the orc
  5633 | D:6      | Gained mutation: You sometimes lose the ability to read
                  | scrolls when taking damage. [potion of mutation]
  5633 | D:6      | Gained mutation: You are agile. (Dex +2) [potion of
                  | mutation]
  5633 | D:6      | Gained mutation: Your movements are slightly less
                  | encumbered by armour. (ER -2) [potion of mutation]
  6382 | D:6      | Reached *** piety under Trog
  6448 | D:6      | Reached skill level 5 in Shields
  6448 | D:6      | Reached XP level 8. HP: 68/68 MP: 7/7
  6467 | D:6      | Reached skill level 7 in Maces & Flails
  6489 | D:6      | Identified a scroll of acquirement
  6490 | D:6      | Acquired a +5 eveningstar of freezing
  6583 | D:6      | Found a glowing silver altar of Zin.
  6617 | D:6      | Noticed a boulder beetle
  6627 | D:6      | Killed a boulder beetle
  6628 | D:6      | Reached skill level 8 in Maces & Flails
  6628 | D:6      | Reached skill level 5 in Dodging
  6722 | D:7      | Reached XP level 9. HP: 65/74 MP: 8/8
  7175 | D:8      | Reached skill level 9 in Maces & Flails
  7646 | D:8      | Noticed a two-headed ogre
  7649 | D:8      | Noticed Erica
  7653 | D:8      | Killed a two-headed ogre
  7659 | D:8      | Killed Erica
  7660 | D:8      | Reached skill level 10 in Maces & Flails
  7660 | D:8      | Reached XP level 10. HP: 69/84 MP: 5/9
  7893 | D:8      | Found a staircase to the Lair.
  7895 | D:8      | Found a stormy altar of Qazlal.
  7939 | D:8      | Found a broken altar of Ashenzari.
  8187 | D:9      | Found Gualoth's Antique Weapon Shop.
  8232 | D:9      | Reached **** piety under Trog
  8887 | D:9      | Noticed a two-headed ogre
  8892 | D:9      | Noticed a two-headed ogre
  8896 | D:9      | Noticed a two-headed ogre
  8924 | D:9      | Killed a two-headed ogre
  8925 | D:9      | Reached skill level 11 in Maces & Flails
  8925 | D:9      | Reached skill level 10 in Shields
  8975 | D:9      | Killed a two-headed ogre
  9013 | D:9      | Noticed a tengu warrior
  9026 | D:9      | Killed a tengu warrior
  9093 | D:9      | Identified the +4 scale mail of Generosity {Harm}
  9150 | D:9      | Killed a two-headed ogre
  9151 | D:9      | Reached XP level 11. HP: 94/94 MP: 10/10
  9190 | D:9      | Noticed a two-headed ogre
  9197 | D:9      | Killed a two-headed ogre
  9475 | D:10     | Entered Level 10 of the Dungeon
  9681 | D:10     | Reached skill level 12 in Maces & Flails
  9755 | D:10     | Noticed a fire dragon
  9756 | D:10     | Noticed a two-headed ogre
  9822 | D:10     | Paralysed by a kobold for 4 turns
  9823 | D:10     | Identified the +5 war axe of Dominance {vorpal, rPois rF-
                  | Will++ Str+4}
  9837 | D:10     | Killed a two-headed ogre
  9854 | D:10     | HP: 1/95 [fire dragon/blast of flame (19)]
  9854 | D:10     | Slain by a fire dragon

Illustrated notes

Levels and vault maps discovered:
D:1:      roderic_dead_forest, layout_basic, basic_ecumenical_altar,
          minivault_14
D:2:      layout_rooms, basic_altar, uniq_terence
D:3:      layout_loops_ring, kennysheep_flooded_box
D:4:      layout_loops_ring, dk_yredelemnul_ordeal,
          nemelex_xobeh_ov_fountains_minmay, minmay_bisected
D:5:      layout_gridville, minmay_temple_entry_statues_fountains, serial_shops,
          nicolae_stop_n_shop_1, uniq_edmund
D:6:      layout_rooms, mainiacjoe_overflow_alcove_4, minmay_checkerbox,
          uniq_blork_the_orc
D:7:      layout_rooms
D:8:      layout_rooms, kennysheep_little_box, amcnicky_altar_gilded,
          lair_entry_dummy, uniq_erica
D:9:      kennysheep_windowed_halls, layout_basic, nicolae_stop_n_shop_2
D:10:     nzn_winding_woodlands_large [nzn_winding_woodlands_5x5_open_star,
          nzn_winding_woodlands_5x15_pool, nzn_winding_woodlands_5x5_perimeter,
          nzn_winding_woodlands_center_lodge,
          nzn_winding_woodlands_15x15_eel_pit,
          nzn_winding_woodlands_center_pierced_h,
          nzn_winding_woodlands_5x5_cross, nzn_winding_woodlands_5x15_twine,
          nzn_winding_woodlands_5x5_default], layout_loops_ring, special_room
          [special_room_orc], hangedman_abyss_or_decor_clamps,
          minmay_misc_feat_more_columns, hangedman_misty_isle

Skill      XL: |  1  2  3  4  5  6  7  8  9 10 11 |
---------------+----------------------------------+-----
Maces & Flails | 4 5 6 8 10 11 12 | 12.3
Fighting       | 4 5 6 7 8 |  8.3
Dodging        | 3 4 5 6 |  6.4
Shields        | 1 2 3 5 7 9 11 | 11.9
Armour         | 3 4 5 6 7 9 |  9.9
Stealth        | |  0.1

Action                   |  1- 3 |  4- 6 |  7- 9 | 10-12 || total
-------------------------+-------+-------+-------+-------++-------
Melee: Mace              |    71 |    83 |       |       ||   154
       Headbutt          |    13 |    43 |    33 |    46 ||   135
       Flail             |       |    46 |    90 |       ||   136
       Eveningstar       |       |       |    63 |   172 ||   235
Invok: Trog's Hand       |     1 |     1 |     5 |     6 ||    13
       Berserk           |     1 |     1 |     5 |     6 ||    13
Evoke: Wand              |       |       |     4 |       ||     4
  Use: Scroll            |     1 |     6 |     6 |     9 ||    22
       Potion            |       |     7 |     4 |     6 ||    17
Armor: Animal skin       |     5 |       |       |       ||     5
       Chain mail        |    46 |    63 |   117 |   106 ||   332
       Skin              |       |       |    27 |       ||    27
Dodge: Dodged            |    38 |    21 |    55 |    87 ||   201
Block: Tower shield      |    40 |   101 |   183 |   281 ||   605

Table legend: (Time is in decaauts)
 A = Elapsed time spent in this place.
 B = Non-inter-level travel time spent in this place.
 C = Inter-level travel time spent in this place.
 D = Time resting spent in this place.
 E = Time spent auto-exploring this place.
 F = Levels seen in this place.
 G = Mean time per level.
                   A        B        C        D        E       F      G
               +--------+--------+--------+--------+--------+-----+--------+
         Total |  10163 |   9878 |    285 |   2005 |   5493 |  10 | 1016.3 |
       Dungeon |  10163 |   9878 |    285 |   2005 |   5493 |  10 | 1016.3 |
               +--------+--------+--------+--------+--------+-----+--------+

Top non-repeatable levels by time:
     D:3: 1399 daAuts
     D:4: 1390 daAuts
     D:9: 1359 daAuts
     D:1: 1305 daAuts
     D:6: 1264 daAuts
     D:8: 1050 daAuts
     D:5: 882 daAuts
     D:2: 672 daAuts
     D:7: 466 daAuts
    D:10: 372 daAuts
